 Dungeon Crawl Stone Soup version 0.23.2-40-g277498a001 (webtiles) character file.

Game seed: 16962672114646382910

50 Curus the Insei (level 3, -2/26 HPs)
             Began as a Merfolk Transmuter on Sept 22, 2019.
             Slain by a gnoll
             ... wielding a +1 spear of flaming
              (4 damage)
             ... on level 3 of the Dungeon.
             The game lasted 00:05:38 (2124 turns).

Curus the Insei (Merfolk Transmuter)                Turns: 2124, Time: 00:05:39

Health: -2/26      AC:  3    Str: 10    XL:     3   Next: 79%
Magic:  1/6        EV: 13    Int: 13    God:
Gold:   60         SH:  0    Dex: 14    Spells: 2/6 levels left

rFire    . . .     SeeInvis .     - Unarmed
rCold    . . .     Gourm    .   (no shield)
rNeg     . . .     Faith    .   b - +1 robe
rPois    .         Spirit   .   (no helmet)
rElec    .         Reflect  .   (no cloak)
rCorr    .         Harm     .   (no gloves)
MR       .....                  (no boots)
Stlth    ..........             (no amulet)
HPRegen  0.08/turn              h - ring of attention (curse)
MPRegen  0.10/turn              (no ring)

@: very slightly contaminated
A: change form in water, swift swim, stealthy swim
a: no special abilities


You were on level 3 of the Dungeon.
You were not hungry.

You visited 1 branch of the dungeon, and saw 3 of its levels.

You collected 60 gold pieces.

Inventory:

Missiles
 a - 32 arrows
Armour
 b - a +1 robe (worn)
 g - a +0 buckler
Jewellery
 h - a cursed ring of attention (left hand)
Scrolls
 e - 2 scrolls of teleportation
 i - a scroll of magic mapping
Potions
 c - 3 potions of curing
 f - a potion of degeneration
Comestibles
 d - a ration


   Skills:
 - Level 1.1 Fighting
 - Level 2.6 Dodging
 - Level 4.6 Unarmed Combat
 - Level 2.0 Spellcasting
 + Level 3.2 Transmutations
 + Level 1.1 Poison Magic


You had 2 spell levels left.
You knew the following spells:

 Your Spells              Type           Power        Failure   Level  Hunger
a - Beastly Appendage     Tmut           #.....       7%          1    ##.....
b - Spider Form           Tmut/Pois      #.........   30%         3    ####...

Your spell library contained the following spells:

 Spells                   Type           Power        Failure   Level  Hunger
 Sticks to Snakes         Tmut           #.......     11%         2    ###....
 Ice Form                 Ice/Tmut       #.......     78%         4    #####..
 Blade Hands              Tmut           #.........   88%         5    ######.


Dungeon Overview and Level Annotations

Branches:
Dungeon (3/15)

Altars:
Ashenzari
Cheibriados
Sif Muna
Zin


Message History

Confirm with . or Enter, or press ? or * to list all spells.
You miscast Spider Form.
Nothing appears to happen.
The gnoll closely misses you.
Things that are here:
a +0 halberd; a gnoll skeleton You see here a +0 spear.
A frilled lizard comes into view.
The frilled lizard hisses angrily.
You barely miss the frilled lizard.
The gnoll hits you from afar with a +1 spear of flaming.
The gnoll burns you.
The frilled lizard bites you but does no damage.
The gnoll hits you with a +1 spear of flaming!
The gnoll burns you.
The gnoll shouts!
The gnoll barely misses you.
The gnoll hits you from afar with a +1 spear of flaming!
* * * LOW HITPOINT WARNING * * *
The gnoll burns you.
You die...

....# .#
#.........#
###.# .
###...[<....#
#.#
#........####
###.# #.####...#
.gr.# #.####...#
##### #.##....##
#.##.##.#
#[##l##.#
#..)g.@.# #####
####.#### ....#
#.# ....# #)#
###.##########g#
.......g.......#
###.############


You could see a gnoll and a frilled lizard.

Vanquished Creatures
  2 gnolls (D:3)
  3 leopard geckos
  An orc (D:2)
  5 bats
  A giant cockroach (D:1)
  4 hobgoblins
  2 jackals (D:2)
  A goblin (D:1)
  A kobold (D:1)
  6 rats
26 creatures vanquished.

Notes
Turn   | Place    | Note
-------+----------+-------------------------------------------
     0 | D:1      | Curus the Merfolk Transmuter began the quest for the Orb.
     0 | D:1      | Reached XP level 1. HP: 15/15 MP: 3/3
   385 | D:1      | Reached XP level 2. HP: 8/21 MP: 5/5
   386 | D:1      | Reached skill level 4 in Unarmed Combat
   978 | D:2      | Found a deep blue altar of Sif Muna.
  1409 | D:3      | Found a glowing silver altar of Zin.
  1521 | D:3      | Reached XP level 3. HP: 16/26 MP: 6/6
  1690 | D:3      | Learned a level 3 spell: Spider Form
  1690 | D:3      | Found a snail-covered altar of Cheibriados.
  1816 | D:3      | Found a shattered altar of Ashenzari.
  1865 | D:3      | Reached skill level 1 in Poison Magic
  2124 | D:3      | Slain by a gnoll

Skill      XL: |  1  2  3 |
---------------+----------+-----
Unarmed Combat | 4 |  4.6
Transmutations | 3 |  3.2
Poison Magic   | 1 |  1.1
Fighting       | |  1.1
Dodging        | |  2.6
Spellcasting   | |  2.0

Action                   || total
-------------------------++-------
Melee: Unarmed           ||   103
       Headbutt          ||     3
       Punch             ||     2
 Cast: Beastly Appendage ||     6
       Spider Form       ||     1
  Use: Scroll            ||     7
       Potion            ||     5
 Stab: Sleeping          ||     2
  Eat: Ration            ||     1
       Chunk             ||     1
Armor: Robe              ||    24
Dodge: Dodged            ||    84
